 Dungeon Crawl Stone Soup version 0.19-a0-1007-g133f65f (webtiles) character file.

47275 poirepourri the Basher (level 14, -5/142 HPs)
             Began as a Gargoyle Fighter on July 20, 2016.
             Was a High Priest of Makhleb.
             Slain by a yak (7 damage)
             ... on level 6 of the Lair of Beasts.
             The game lasted 00:31:22 (18056 turns).

poirepourri the Basher (Gargoyle Fighter)          Turns: 18056, Time: 00:31:23

Health: -5/142     AC: 32    Str: 28    XL:     14   Next: 41%
Magic:  15/15      EV: 13    Int: 11    God:    Makhleb [*****.]
Gold:   871        SH: 13    Dex:  9    Spells: 0 memorised, 13 levels left

rFire  . . .     SeeInvis +     h - +5 mace (protect)
rCold  . . .     Gourm    .     b - +0 scale mail
rNeg   + . .     Faith    .     c - +1 shield
rPois  ∞         Spirit   .     n - +2 hat
rElec  +         Dismiss  .     k - +0 cloak
rCorr  .         Reflect  .     C - +1 pair of gloves
SustAt .         Harm     .     o - +2 pair of boots
MR     +....                    u - amulet of rage
Stlth  ..........               P - +1 ring of protection
                                G - ring of see invisible

@: berserking, slowed, somewhat resistant to hostile enchantments, extremely
unstealthy
A: big wings, negative energy resistance 1, electricity resistance, unbreathing,
petrification resistance, rot immunity, AC +9
a: Fly, Minor Destruction, Lesser Servant of Makhleb, Major Destruction, Greater
Servant of Makhleb, Renounce Religion, Evoke Berserk Rage


You were on level 6 of the Lair of Beasts.
You worshipped Makhleb.
Makhleb was extremely pleased with you.
You were not hungry.

You visited 3 branches of the dungeon, and saw 19 of its levels.

You collected 871 gold pieces.

Inventory:

Hand Weapons
 h - a +5 mace of protection (weapon)
Missiles
 z - 97 bolts
Armour
 b - a +0 scale mail (worn)
 c - a +1 shield (worn)
 k - a +0 cloak (worn)
 n - a +2 hat (worn)
 o - a +2 pair of boots (worn)
 C - a +1 pair of gloves (worn)
Rods
 a - a +0 rod of ignition (11/11)
   (You found it on level 2 of the Lair of Beasts)
Jewellery
 p - an uncursed ring of ice
 r - an uncursed ring of teleportation
 t - an uncursed ring of stealth {unknown}
 u - an amulet of rage (around neck)
 G - a ring of see invisible (left hand)
 O - an uncursed amulet of faith
 P - a +1 ring of protection (right hand)
 R - an uncursed ring of flight
 U - a cursed amulet of inaccuracy {unknown}
Wands
 e - a wand of digging (11/24)
 s - a wand of teleportation (6/9)
 A - a wand of flame (0/48)
 D - a wand of iceblast (0/15)
 E - a wand of paralysis (6/24)
 F - a wand of flame (4/48)
 H - a wand of lightning (0/15)
 I - a wand of iceblast (0/15)
 Q - a wand of teleportation (4/9)
 W - a wand of acid (7/15)
Scrolls
 l - 10 scrolls of remove curse
 N - a scroll of brand weapon
 T - a scroll of amnesia
Potions
 i - a potion of lignification {unknown}
 j - a potion of berserk rage {unknown}
 m - a potion of brilliance {unknown}
 w - a potion of flight
 B - 2 potions of cure mutation
 J - a potion of invisibility {unknown}
 M - 2 potions of ambrosia
Books
 v - a Grand Grimoire

   Spells                             Type                      Level
   a - Monstrous Menagerie            Summoning                    7
   b - Summon Greater Demon           Summoning                    7
   c - Malign Gateway                 Summoning/Translocation      7
   d - Summon Horrible Things         Summoning                    8
 y - a book of Party Tricks

   Spells                             Type                      Level
   a - Summon Butterflies             Summoning                    1
   b - Apportation                    Translocation                1
   c - Tukima's Dance                 Hexes                        3
   d - Alistair's Intoxication        Transmutation/Poison         5
   e - Invisibility                   Hexes                        6
 K - a book of Battle

   Spells                             Type                      Level
   a - Infusion                       Charms                       1
   b - Shroud of Golubria             Charms/Translocation         2
   c - Song of Slaying                Charms                       2
   d - Spectral Weapon                Hexes/Charms                 3
   e - Regeneration                   Charms/Necromancy            3
 L - a book of Geomancy

   Spells                             Type                      Level
   a - Sandblast                      Earth                        1
   b - Passwall                       Transmutation/Earth          2
   c - Stone Arrow                    Conjuration/Earth            3
   d - Petrify                        Transmutation/Earth          4
   e - Lee's Rapid Deconstruction     Earth                        5
Miscellaneous
 S - a lamp of fire
Comestibles
 d - 34 fruits
 f - 8 bread rations
 g - 7 slices of pizza
 x - 4 meat rations


   Skills:
 + Level 13.8 Fighting
 + Level 14.5 Maces & Flails
 + Level 6.8 Armour
 + Level 9.6 Dodging
 - Level 2.8 Stealth
 + Level 9.9 Shields
 + Level 2.1 Invocations
 + Level 1.1 Evocations


You had 13 spell levels left.
You didn't know any spells.

Dungeon Overview and Level Annotations

Branches:
Dungeon (12/15)            Temple (1/1) D:4            Lair (6/6) D:11
 Shoals (0/4) Lair:3        Snake (0/4) Lair:2        Slime (0/5) Lair:5
    Orc (0/2) D:11

Altars:
Ashenzari
Cheibriados
Dithmenos
Elyvilon
Fedhas
Gozag
Hepliaklqana
Kikubaaqudgha
Makhleb
Nemelex Xobeh
Okawaru
Pakellas
Qazlal
Ru
Sif Muna
Trog
Uskayaw
Vehumet
Xom
Yredelemnul
Zin
The Shining One
Jiyva


Innate Abilities, Weirdness & Mutations

You are resistant to torment.
Your stone body is resilient. (AC +9)
You are immune to poison.
Your large and strong wings let you fly indefinitely.
You resist negative energy. (rN+)
You are resistant to electric shocks. (rElec)
You can survive without breathing.
You are immune to petrification.
You are immune to rotting.


Message History

You fail to use your ability.
The yak gores you but does no damage.
Your smoke demon hits the yak but does no damage. x3
The yak barely misses your ynoxinul.
Your ynoxinul hits the yak but does no damage.
You block the yak's attack. The yak gores you.
* * * LOW HITPOINT WARNING * * *
A red film seems to cover your vision as you go berserk!
You feel yourself moving faster!
You feel mighty! The yak gores your smoke demon! The torpor snail bites you.
* * * LOW HITPOINT WARNING * * *
The yak gores your ynoxinul.
Your smoke demon hits the yak but does no damage. x3
The yak misses you. The yak gores you.
* * * LOW HITPOINT WARNING * * *
The yak gores your smoke demon.
Your ynoxinul hits the yak! You block the torpor snail's attack.
The yak gores your ynoxinul.
You sock the torpor snail!
The torpor snail is severely wounded.
The yak gores you!
You die...

.P##.... ..≈≈≈≈≈≈≈≈≈..
.##.....#...≈...≈≈≈≈...
.# #[.....#......≈≈≈..#
# #......#..........#
####.....###.(.......##
##.#.....P##.....#P...##
.P.....^......?.Y....P.#
..............YYY3......
....†.........3w@.......
.###P...................
## ##.....(PP...#P....##
# ##....#######...### ..
.....## ...# ... ......#
...# ...P........ ...#
....##|..P.# ...#
...###......


You could see a torpor snail, 4 yaks, a friendly smoke demon and a friendly
ynoxinul.

Vanquished Creatures
  Gastronok (Lair:1)
  Snorg (Lair:5)
  Erolcha (D:9)
  5 hydras
  Harold (Lair:2)
  Erica (D:10)
  A death yak (Lair:2)
  Nergalle (Lair:2)
  An unseen horror (D:11)
  A hill giant (D:11)
  Pikel (D:7)
  An oklob plant (Lair:3)
  A manticore (Lair:3)
  5 griffons
  12 elephants
  The ghost of Television the Conjurer, a novice OpWz of Sif Muna (D:6)
  5 black mambas
  Joseph (D:10)
  2 centaur skeletons
  A gargoyle (D:11)
  7 spiny frogs
  6 komodo dragons
  A polar bear (Lair:2)
  A troll (D:11)
  19 blink frogs
  Grinder (D:3)
  A water elemental (Lair:5)
  Sigmund (D:5)
  2 hungry ghosts
  A wyvern (Lair:5)
  27 yaks
  7 hippogriffs
  4 porcupines
  9 water moccasins
  4 sky beasts
  5 ice beasts
  2 wasps
  4 black bears
  An eye of draining (D:10)
  2 phantoms
  2 ogres
  14 wolves
  2 centaurs
  8 crocodiles
  16 giant frogs
  6 big kobolds
  4 scorpions
  5 killer bees (D:10)
  4 wights (D:11)
  A howler monkey (D:11)
  An electric eel (Lair:3)
  3 crimson imps
  2 giant frog zombies
  2 hounds (D:11)
  5 jellies
  5 orc priests
  2 orc wizards
  4 giant frog skeletons
  Jessica (D:3)
  6 iguanas
  Natasha (thrice) (D:3)
  Terence (D:3)
  8 worker ants
  16 sheep
  A hound skeleton (D:6)
  3 gnolls (D:8)
  31 river rats
  12 adders
  An ooze (D:1)
  An adder zombie (D:8)
  2 adder skeletons
  A worm (D:4)
  3 dart slugs
  13 giant geckos
  26 orcs
  A ball python (D:3)
  6 giant cockroaches
  19 goblins
  4 hobgoblins
  3 jackals (D:7)
  6 quokkas
  6 bats
  6 giant newts
  15 kobolds
  A quokka skeleton (D:5)
  9 rats
  A plant (Lair:3)
441 creatures vanquished.

Vanquished Creatures (collateral kills)
  3 death yaks (Lair:2)
  An elephant (Lair:4)
  5 sheep (Lair:2)
  A giant gecko (D:11)
10 creatures vanquished.

Vanquished Creatures (others)
  A porcupine (Lair:3)
  An orc warrior (D:7)
  A giant frog (D:7)
  An orc (D:7)
  A giant cockroach (D:7)
  4 fungi
  3 plants
12 creatures vanquished.

Grand Total: 463 creatures vanquished

Notes
Turn   | Place    | Note
-------+----------+-------------------------------------------
     0 | D:1      | poirepourri the Gargoyle Fighter began the quest for the Orb.
     0 | D:1      | Reached XP level 1. HP: 14/14 MP: 1/1
    77 | D:1      | Found an iron altar of Okawaru.
   119 | D:1      | Reached XP level 2. HP: 19/19 MP: 2/2
   421 | D:1      | Reached XP level 3. HP: 24/24 MP: 3/3
   594 | D:1      | Reached skill level 3 in Maces & Flails
   909 | D:2      | Reached XP level 4. HP: 28/29 MP: 4/4
   992 | D:2      | Found a faded altar of an unknown god.
  1154 | D:3      | Noticed Grinder
  1501 | D:3      | Noticed Natasha
  1517 | D:3      | Killed Natasha
  1517 | D:3      | Reached skill level 4 in Maces & Flails
  1517 | D:3      | Reached XP level 5. HP: 33/34 MP: 5/5
  1687 | D:3      | Noticed Terence
  1705 | D:3      | Killed Terence
  1745 | D:3      | Reached skill level 5 in Fighting
  1815 | D:3      | Noticed Jessica
  1821 | D:3      | Noticed Natasha
  1837 | D:3      | Killed Jessica
  1837 | D:3      | Reached XP level 6. HP: 26/40 MP: 6/6
  1840 | D:3      | Killed Natasha
  1893 | D:3      | Paralysed by Grinder for 4 turns
  1897 | D:3      | HP: 1/40 [Grinder/nerve-wracking pain (2)]
  1909 | D:3      | HP: 2/40 [Grinder (1)]
  1911 | D:3      | Killed Grinder
  1911 | D:3      | Reached skill level 5 in Maces & Flails
  1911 | D:3      | Reached XP level 7. HP: 2/45 MP: 7/7
  2376 | D:3      | Noticed Natasha
  2387 | D:3      | Killed Natasha
  2517 | D:3      | Reached skill level 1 in Stealth
  2699 | D:3      | Reached skill level 6 in Maces & Flails
  2828 | D:4      | Found a staircase to the Ecumenical Temple.
  2896 | Temple   | Entered the Ecumenical Temple
  2997 | Temple   | Became a worshipper of Makhleb the Destroyer
  3505 | D:4      | Found an iron altar of Okawaru.
  3708 | D:5      | Entered Level 5 of the Dungeon
  3725 | D:5      | Reached XP level 8. HP: 46/52 MP: 8/8
  3844 | D:5      | Reached skill level 7 in Maces & Flails
  3995 | D:5      | Reached * piety under Makhleb
  4098 | D:5      | Noticed Sigmund
  4106 | D:5      | Killed Sigmund
  4424 | D:5      | Found a glowing golden altar of the Shining One.
  4698 | D:5      | Reached skill level 8 in Maces & Flails
  5109 | D:6      | Reached skill level 1 in Dodging
  5109 | D:6      | Reached XP level 9. HP: 59/59 MP: 9/9
  5357 | D:6      | Reached skill level 9 in Maces & Flails
  5523 | D:6      | Reached ** piety under Makhleb
  5635 | D:6      | Noticed Television's ghost (novice OpWz)
  5667 | D:6      | Killed Television's ghost
  5915 | D:7      | Noticed Pikel
  5931 | D:7      | Killed Pikel
  5931 | D:7      | Reached skill level 10 in Maces & Flails
  5946 | D:7      | Reached XP level 10. HP: 55/66 MP: 10/10
  6298 | D:7      | Found an opulent altar of Gozag.
  6305 | D:7      | Found a sparkling altar of Nemelex Xobeh.
  6312 | D:7      | Found a shattered altar of Ashenzari.
  6317 | D:7      | Found a hide-covered altar of Uskayaw.
  6324 | D:7      | Found a shimmering altar of Xom.
  6329 | D:7      | Found a bloodstained altar of Trog.
  6340 | D:7      | Found a radiant altar of Vehumet.
  6393 | D:7      | Found a glowing golden altar of the Shining One.
  7012 | D:8      | Reached *** piety under Makhleb
  7094 | D:8      | Reached skill level 12 in Maces & Flails
  7094 | D:8      | Reached XP level 11. HP: 65/76 MP: 11/11
  7153 | D:8      | Noticed a three-headed hydra
  7161 | D:8      | Killed a three-headed hydra
  7168 | D:8      | Reached skill level 5 in Dodging
  7684 | D:9      | Noticed Erolcha
  7697 | D:9      | Killed Erolcha
  7813 | D:9      | Found a sacrificial altar of Ru.
  8012 | D:9      | Reached **** piety under Makhleb
  8128 | D:10     | Entered Level 10 of the Dungeon
  8546 | D:10     | Noticed Erica
  8568 | D:10     | Killed Erica
  8568 | D:10     | Reached skill level 13 in Maces & Flails
  8645 | D:10     | Noticed Joseph
  8684 | D:10     | Killed Joseph
  8733 | D:10     | Reached XP level 12. HP: 82/82 MP: 12/12
  9043 | D:11     | Found a staircase to the Lair.
 10307 | D:11     | Found a staircase to the Orcish Mines.
 10512 | Lair:1   | Entered Level 1 of the Lair of Beasts
 11295 | Lair:1   | Noticed Gastronok
 11328 | Lair:1   | Killed Gastronok
 11328 | Lair:1   | Reached skill level 5 in Shields
 11642 | Lair:2   | Noticed Nergalle
 11665 | Lair:2   | Killed Nergalle
 11717 | Lair:2   | Noticed a five-headed hydra
 11720 | Lair:2   | Noticed a four-headed hydra
 11726 | Lair:2   | Killed a five-headed hydra
 11732 | Lair:2   | Killed a four-headed hydra
 11852 | Lair:2   | Noticed a seven-headed hydra
 11869 | Lair:2   | Killed a seven-headed hydra
 11869 | Lair:2   | Reached XP level 13. HP: 88/88 MP: 13/13
 11881 | Lair:2   | Found a staircase to the Snake Pit.
 11940 | Lair:2   | Reached skill level 5 in Armour
 11983 | Lair:2   | Reached ***** piety under Makhleb
 12245 | Lair:2   | Found a frozen archway.
 12318 | Lair:2   | Noticed Harold
 12350 | Lair:2   | Killed Harold
 13321 | Lair:2   | Reached skill level 1 in Invocations
 13844 | Lair:3   | Reached skill level 14 in Maces & Flails
 14124 | Lair:3   | Found a staircase to the Shoals.
 14947 | Lair:3   | Reached skill level 1 in Evocations
 15827 | Lair:4   | Gained mutation: Your large and strong wings let you fly indefinitely. [Gargoyle growth]
 15827 | Lair:4   | Reached XP level 14. HP: 76/94 MP: 15/15
 16817 | Lair:5   | Found a staircase to the Slime Pits.
 16817 | Lair:5   | Found a viscous altar of Jiyva.
 16841 | Lair:5   | Found a dark tunnel.
 17261 | Lair:5   | Noticed Snorg
 17283 | Lair:5   | Killed Snorg
 17798 | Lair:6   | Entered Level 6 of the Lair of Beasts
 18054 | Lair:6   | HP: 4/95 [yak (1)]
 18056 | Lair:6   | Slain by a yak

Vault maps used:
D:1:      mrwooster_arrival_statue, kennysheep_flooded_box,
          okawaru_ov_weapons_minmay
D:2:      ecumenical_altar_2
D:3:      fountainhead, uniq_jessica, uniq_natasha, uniq_grinder, uniq_terence
D:4:      lemuel_coloured_pillars_altar
D:5:      lemuel_doored_altar, enter_ossuary_3, first_bread,
          minmay_misc_feat_room, uniq_sigmund
D:6:      hangedman_decor_growths
D:7:      grunt_temple_overflow_octagram, nicolae_tso_carved_into_rock,
          uniq_pikel
D:8:      hangedman_ranch
D:9:      basic_altar, uniq_erolcha
D:10:     hangedman_corner_corridor, uniq_joseph, uniq_erica
D:11:     lair_0_dummy, orc_0_dummy
D:12:     enter_bailey_1
Temple:   dshaligram_water_room_temple
Lair:1:   grunt_forest_large_clearings, uniq_gastronok
Lair:2:   dummy_snake_entry, portal_ice_cave_entry_pillars_2,
          wad_woods_river_03, grunt_megastairs_2, uniq_nergalle, uniq_harold
Lair:3:   minmay_shoals_entry_beasts, minivault_25, minivault_11,
          grunt_megastairs_3, lemuel_fruit_fields, serial_bayou_shore_a
Lair:4:   eino_small_chamber_without_monster, grunt_forest_small_clearing_treed
Lair:5:   slime_altar_1, lightli_volcano_entry_magma_tube, beast_lair_carwin_2,
          grunt_megastairs_4, uniq_snorg
Lair:6:   grunt_lair_end_beastmaster, infiniplex_staircase_pool

Skill      XL: |  1  2  3  4  5  6  7  8  9 10 11 12 13 14 |
---------------+-------------------------------------------+-----
Maces & Flails | 3 4 5 6 8 10 12 13 14 | 14.5
Fighting       | 4 5 6 8 9 12 13 | 13.8
Stealth        | 1 2 |  2.8
Dodging        | 1 3 4 6 7 9 |  9.6
Shields        | 6 8 9 |  9.9
Armour         | 4 6 |  6.8
Invocations    | 1 2 |  2.1
Evocations     | 1 |  1.1

Action                   |  1- 3 |  4- 6 |  7- 9 | 10-12 | 13-15 || total
-------------------------+-------+-------+-------+-------+-------++-------
Melee: Mace              |   132 |   119 |   426 |   843 |  1153 ||  2673
       Flail             |    16 |       |       |       |       ||    16
Invok: Lesser Servant of |       |       |       |     2 |    16 ||    18
       Minor Destruction |       |       |       |       |     4 ||     4
       Major Destruction |       |       |       |       |     1 ||     1
 Abil: Evoke Berserk Rag |       |       |       |     1 |     1 ||     2
Evoke: Wand              |       |       |       |       |    17 ||    17
       Lamp of fire      |       |       |       |       |     1 ||     1
  Use: Scroll            |     3 |     5 |     3 |     8 |    13 ||    32
       Potion            |       |     7 |     1 |     5 |     6 ||    19
 Stab: Distracted        |       |       |       |       |     2 ||     2
  Eat: Meat ration       |       |     1 |     3 |     3 |     3 ||    10
       Beef jerky        |       |       |     3 |     1 |     2 ||     6
       Bread ration      |       |       |       |     1 |       ||     1
       Fruit             |       |       |       |     1 |       ||     1
       Pizza             |       |       |       |     1 |       ||     1
       Royal jelly       |       |       |       |       |     1 ||     1
Armor: Scale mail        |   119 |   115 |   276 |   580 |   739 ||  1829
Dodge: Dodged            |    62 |    44 |   126 |   398 |   689 ||  1319
Block: Shield            |   102 |   102 |   268 |   502 |   969 ||  1943
